 Dungeon Sprint DCSS version 0.22-a0-348-gd16d139 (webtiles) character file.

50010 emperorscorpion the Phalangite (level 14, -4/104 HPs)
             Began as a Gargoyle Berserker on Apr 8, 2018.
             Was the Champion of Trog.
             Killed from afar by a fire giant (14 damage)
             ... with a bolt of fire
             ... in the Dungeon (Sprint IX: "|||||||||||||||||||||||||||||").
             The game lasted 00:22:20 (1478 turns).

emperorscorpion the Phalangite (Gargoyle Berserker) Turns: 1478, Time: 00:22:21

Health: -4/104     AC: 31    Str: 26    XL:     14   Next: 53%
Magic:  23/23      EV: 12    Int: 11    God:    Trog [******]
Gold:   0          SH:  0    Dex: 11    Spells: 13/13 levels left

rFire    . . .     SeeInvis .   a - +10 hand crossbow of Malaise {elec, Dex+2}
rCold    . . .     Gourm    .   (no shield)
rNeg     + . .     Faith    .   H - +0 plate armour
rPois    ∞         Spirit   .   p - +0 helmet
rElec    +         Reflect  .   D - +0 cloak
rCorr    .         Harm     .   (no gloves)
MR       +....     NoTele   +   E - +0 pair of boots
Stlth    ..........             (no amulet)
HPRegen  0.27/turn              r - +2 ring of protection
MPRegen  0.18/turn              s - +3 ring of intelligence

@: no status effects
A: big wings, negative energy resistance 1, electricity resistance, unbreathing,
petrification resistance, rot immunity, AC +10
a: Fly, Berserk, Trog's Hand, Brothers in Arms, Renounce Religion


You were in the Dungeon.
You worshipped Trog.
Trog was exalted by your worship.
You were not hungry.

You visited 1 branch You collected 1933 gold pieces.
You spent 1933 gold pieces at shops.

Inventory:

Hand Weapons
 a - the +10 hand crossbow of Malaise (weapon) {elec, Dex+2}
   (You found it in the Dungeon)

   It charges the ammunition it shoots with electricity; occasionally upon a
   hit, such missiles may discharge and cause terrible harm.
   It affects your dexterity (+2).
 b - the +5 bardiche of Sloth {drain, +Blink rPois Int+3 Stlth+}
   (Trog gifted it to you in the Dungeon)

   A truly terrible weapon, it drains the life of those it strikes.
   It affects your intelligence (+3).
   It protects you from poison.
   It lets you blink.
   It makes you more stealthy.
 A - a +2 antimagic glaive
 G - a +6 arbalest of flaming
 I - a +3 bardiche of venom
 M - the +13 rapier of Liumudusk {vamp, rPois MP-9 Str+4}
   (Trog gifted it to you in the Dungeon)

   It inflicts no extra harm, but heals its wielder when it wounds a living foe.
   It affects your strength (+4).
   It protects you from poison.
   It affects your magic capacity (-9).
 Q - a +1 glaive of flaming
 V - a +4 vampiric glaive
Missiles
 q - 18 bolts (quivered)
 F - 7 needles of confusion
 X - a throwing net
 Y - 14 javelins of penetration
 Z - 13 javelins
Armour
 o - a +0 cloak
 p - a +0 helmet (worn)
 B - a +0 animal skin
 D - a +0 cloak (worn)
 E - a +0 pair of boots (worn)
 H - a +0 plate armour (worn)
 R - a +1 helmet
 S - +1 ice dragon scales
Magical Staves
 m - an uncursed staff of energy
Jewellery
 r - a +2 ring of protection (left hand)
 s - a +3 ring of intelligence (right hand)
 O - an uncursed ring of ice
 P - an uncursed ring of see invisible
Wands
 l - a wand of acid (9)
 J - a wand of enslavement (13)
 N - a wand of iceblast (8)
Scrolls
 i - 3 scrolls of blinking
 k - 5 scrolls of remove curse
 x - 4 scrolls of enchant weapon
 y - 2 scrolls of enchant armour
 z - 2 scrolls of fear
 C - a scroll of identify
 U - a scroll of fog
Potions
 d - 9 potions of curing
 e - 6 potions of heal wounds
 f - 5 potions of haste
 g - 4 potions of magic
 h - a potion of berserk rage
 j - 4 potions of invisibility
 v - 2 potions of agility
 w - 2 potions of might
 T - a potion of mutation
 W - a potion of flight {unknown}
Miscellaneous
 t - a lamp of fire
 K - a box of beasts
 L - a phantom mirror
Comestibles
 c - 10 rations
 n - 7 chunks of flesh


   Skills:
 + Level 18.3 Fighting
 * Level 23.6 Polearms
 - Level 10.0 Crossbows
 + Level 11.0 Armour
 + Level 9.8 Dodging
 + Level 7.0 Stealth
 * Level 12.0 Evocations


You had 13 spell levels left.
You didn't know any spells.

Dungeon Overview and Level Annotations

Branches:
Dungeon (1/1)

Altars:
Cheibriados
Dithmenos
Elyvilon
Fedhas
Gozag
Hepliaklqana
Kikubaaqudgha
Makhleb
Nemelex Xobeh
Okawaru
Qazlal
Ru
Sif Muna
Trog
Uskayaw
Vehumet
Wu Jian
Xom
Yredelemnul
Zin
The Shining One
Beogh
Jiyva
Lugonu

Shops:
D !}!}


Innate Abilities, Weirdness & Mutations

You are resistant to torment.
Your stone body is resilient. (AC +10)
You are immune to poison.
Your large and strong wings let you fly indefinitely.
You resist negative energy. (rN+)
You are resistant to electric shocks. (rElec)
You can survive without breathing.
You are immune to petrification.
You are immune to rotting.


Message History

Press: ? - help, Shift-Dir - straight line, f/p - fire giant
Aim: a fire giant, wielding a great sword of flaming (flame, lightly wounded)
You shoot a bolt. The bolt hits the fire giant!
Lightning courses through the fire giant!
The fire giant is lightly wounded.
The fire giant gestures at you while chanting.
The fireball explodes!
The fireball engulfs you!
* * * LOW HITPOINT WARNING * * *
Firing (i - inventory. (/) - cycle)
q - 19 bolts (quivered)
Press: ? - help, Shift-Dir - straight line, f/p - fire giant
Aim: a fire giant, wielding a great sword of flaming (flame, lightly wounded)
You shoot a bolt. The bolt hits the fire giant.
The fire giant is moderately wounded.
The fire giant is engulfed in blazing flames.
The fire giant is engulfed in blazing flames.
Your deep troll goes berserk!
You feel somewhat more hungry. The fire giant casts a spell at you.
The bolt of fire hits your deep troll. The bolt of fire hits you!
You die...

▓.▓.▓.▓(▓=▓.▓'▓.▓.
▓)▓.▓)▓.▓.▓.▓[▓.▓.
▓.▓.♣'♣.▓)▓.▓)▓.▓.
▓)▓.♣.♣.▓)▓.▓)▓.▓.
▓(▓.♣.♣.▓)▓.▓.▓.▓.
▓†▓.♣.♣.▓)▓.▓.▓.▓.
▓.▓.♣†♣.▓.▓.▓.▓.▓.
▓)▓.♣.♣.▓)▓.▓.▓.▓†
▓@▓.♣.♣.▓)▓.▓.▓.▓†
▓T▓.♣.♣.▓)▓.▓.▓.▓.
▓§▓.♣.♣.▓.▓.▓.▓.▓.
▓§▓.♣)♣.▓[▓.▓.▓.▓.
▓(▓.▓'▓.▓[▓)▓.▓.▓.
▓C▓.▓)▓.▓[▓.▓.▓.▓.
▓.▓.▓†▓.▓[▓.▓'▓.▓.
▓§▓.▓)▓.▓[▓.▓)▓.▓.
▓(▓.▓†▓.▓.▓.▓)▓.▓.


You could see a fire giant and a friendly deep troll (berserk).

Vanquished Creatures
  Saint Roka (D)
  A very ugly thing (D)
  3 stone giants (D)
  A vampire knight (D)
  Nessos (D)
  A dire elephant (D)
  2 merfolk javelineers (D)
  A spark wasp (D)
  An ettin (D)
  Snorg (D)
  A merfolk impaler (D)
  2 naga warriors (D)
  Erolcha (D)
  A great orb of eyes (D)
  2 hydras (D)
  3 ice dragons (D)
  Erica (D)
  A merfolk aquamancer (D)
  A death yak (D)
  A tengu warrior (D)
  A deep troll earth mage (D)
  A shock serpent (D)
  An orc high priest (D)
  Urug (D)
  An unseen horror (D)
  2 sea snakes (D)
  An orc knight (D)
  4 wolf spiders (D)
  A deep elf mage (D)
  A cyclops (D)
  An orc sorcerer (D)
  An ugly thing (D)
  3 elephants (D)
  A salamander (D)
  2 merfolk sirens (D)
  A naga mage (D)
  2 black mambas (D)
  2 spiny frogs (D)
  2 yaktaurs (D)
  2 trolls (D)
  3 jumping spiders (D)
  A merfolk (D)
  A hornet (D)
  2 tyrant leeches (D)
  A blink frog (D)
  2 bog bodies (D)
  A redback (D)
  A vampire (D)
  A yak (D)
  A tarantella (D)
  2 wargs (D)
  2 nagas (D)
  An insubstantial wisp (D)
  14 orc warriors (D)
  A porcupine (D)
  3 water moccasins (D)
  A swamp drake (D)
  An ice beast (D)
  A necrophage (D)
  An eye of draining (D)
  A wolf (D)
  A boggart (D)
  3 centaurs (D)
  A bullfrog (D)
  2 scorpions (D)
  A howler monkey (D)
  2 orc wizards (D)
  9 orc priests (D)
  2 jellies (D)
  2 shadow imps (D)
  An adder skeleton (D)
  A worm (D)
  2 leopard geckos (D)
  5 orcs (D)
  4 kobolds (D)
136 creatures vanquished.

Vanquished Creatures (collateral kills)
  Kirke (D)
  A fire giant (D)
  A frost giant (D)
  Aizul (D)
  A vampire knight (D)
  2 dire elephants (D)
  An ettin (D)
  Harold (D)
  A spriggan air mage (D)
  A hell knight (D)
  3 orc high priests (D)
  A manticore (D)
  2 elephants (D)
  3 spiny frogs (D)
  Psyche (D)
  A komodo dragon (D)
  A yak (D)
  A basilisk (D)
  A hog (D)
  An orc warrior (D)
  A crocodile (D)
  6 orc priests (D)
33 creatures vanquished.

Grand Total: 169 creatures vanquished

Notes
Turn   | Place    | Note
-------+----------+-------------------------------------------
     0 | D        | emperorscorpion the Gargoyle Berserker began the quest for the Orb.
     0 | D        | Reached XP level 1. HP: 14/14 MP: 1/1
     7 | D        | Reached skill level 3 in Polearms
    10 | D        | Reached ** piety under Trog
    23 | D        | Noticed an ice beast
    23 | D        | Noticed a scorpion
    26 | D        | Reached XP level 2. HP: 20/20 MP: 2/2
    35 | D        | Killed an ice beast
    35 | D        | Reached *** piety under Trog
    35 | D        | Reached skill level 6 in Polearms
    35 | D        | Reached XP level 3. HP: 28/28 MP: 3/3
    35 | D        | Reached XP level 4. HP: 32/32 MP: 4/4
    42 | D        | Reached XP level 5. HP: 38/38 MP: 5/5
    53 | D        | Found a roughly hewn altar of Beogh.
    53 | D        | Found a snail-covered altar of Cheibriados.
    53 | D        | Found a shadowy altar of Dithmenos.
    53 | D        | Found a white marble altar of Elyvilon.
    53 | D        | Found a blossoming altar of Fedhas.
    53 | D        | Found an opulent altar of Gozag.
    54 | D        | Found a hazy altar of Hepliaklqana.
    55 | D        | Found a viscous altar of Jiyva.
    56 | D        | Found an ancient bone altar of Kikubaaqudgha.
    57 | D        | Found a corrupted altar of Lugonu.
    58 | D        | Found a burning altar of Makhleb.
    59 | D        | Found a sparkling altar of Nemelex Xobeh.
    60 | D        | Found an iron altar of Okawaru.
    61 | D        | Found a stormy altar of Qazlal.
    62 | D        | Found a sacrificial altar of Ru.
    63 | D        | Found a deep blue altar of Sif Muna.
    64 | D        | Found a bloodstained altar of Trog.
    65 | D        | Found a hide-covered altar of Uskayaw.
    66 | D        | Found a radiant altar of Vehumet.
    67 | D        | Found an ornate altar of the Wu Jian Council.
    68 | D        | Found a shimmering altar of Xom.
    69 | D        | Found a basalt altar of Yredelemnul.
    70 | D        | Found a glowing silver altar of Zin.
    71 | D        | Found a glowing golden altar of the Shining One.
   113 | D        | Noticed a centaur
   113 | D        | Noticed a necrophage
   119 | D        | Reached **** piety under Trog
   119 | D        | Reached skill level 7 in Polearms
   124 | D        | Killed a centaur
   124 | D        | Reached skill level 8 in Polearms
   124 | D        | Reached XP level 6. HP: 46/46 MP: 6/6
   128 | D        | Reached skill level 5 in Armour
   130 | D        | Killed a necrophage
   130 | D        | Reached ***** piety under Trog
   130 | D        | Reached skill level 10 in Fighting
   130 | D        | Reached skill level 9 in Polearms
   144 | D        | Noticed an eye of draining
   144 | D        | Noticed a troll
   149 | D        | Killed an eye of draining
   149 | D        | Received a gift from Trog
   149 | D        | Reached XP level 7. HP: 52/52 MP: 0/7
   152 | D        | Killed a troll
   152 | D        | Reached skill level 10 in Polearms
   160 | D        | Reached XP level 8. HP: 52/60 MP: 2/8
   162 | D        | Reached skill level 11 in Polearms
   162 | D        | Reached skill level 5 in Dodging
   174 | D        | Killed an unseen horror
   174 | D        | Received a gift from Trog
   174 | D        | Reached skill level 12 in Polearms
   286 | D        | Noticed a spiny frog
   286 | D        | Noticed a yak
   290 | D        | Noticed a spiny frog
   303 | D        | Killed a spiny frog
   303 | D        | Reached XP level 9. HP: 25/66 MP: 9/9
   313 | D        | Reached skill level 1 in Stealth
   317 | D        | Reached skill level 13 in Polearms
   321 | D        | Killed a spiny frog
   347 | D        | Noticed a spiny frog
   347 | D        | Noticed a spiny frog
   347 | D        | Noticed a komodo dragon
   348 | D        | Killed a spiny frog
   349 | D        | Killed a spiny frog
   349 | D        | Reached skill level 14 in Polearms
   351 | D        | Noticed a five-headed hydra
   351 | D        | Killed a komodo dragon
   351 | D        | Received a gift from Trog
   353 | D        | Noticed a death yak
   361 | D        | Killed a two-headed hydra
   361 | D        | Reached XP level 10. HP: 56/74 MP: 10/10
   371 | D        | Killed a death yak
   371 | D        | Reached skill level 15 in Polearms
   399 | D        | Noticed an elephant
   399 | D        | Noticed a dire elephant
   399 | D        | Noticed an elephant
   399 | D        | Noticed an elephant
   399 | D        | Noticed an elephant
   399 | D        | Noticed a dire elephant
   405 | D        | Killed a dire elephant
   406 | D        | Noticed a dire elephant
   407 | D        | Killed an elephant
   409 | D        | Killed an elephant
   411 | D        | Killed a dire elephant
   411 | D        | Reached skill level 16 in Polearms
   418 | D        | Killed a dire elephant
   418 | D        | Reached skill level 15 in Fighting
   418 | D        | Reached XP level 11. HP: 68/81 MP: 7/11
   420 | D        | Reached ****** piety under Trog
   427 | D        | Received a gift from Trog
   428 | D        | Got a scorched bardiche {god gift}
   429 | D        | Identified the +5 bardiche of Sloth {drain, +Blink rPois Int+3 Stlth+} (Trog gifted it to you in the Dungeon)
   494 | D        | Noticed Urug
   502 | D        | Killed Urug
   502 | D        | Reached skill level 17 in Polearms
   586 | D        | Received a gift from Trog
   591 | D        | Received a gift from Trog
   613 | D        | Noticed an orc sorcerer
   615 | D        | Noticed an orc knight
   623 | D        | Killed an orc sorcerer
   634 | D        | Killed an orc knight
   634 | D        | Reached skill level 5 in Stealth
   641 | D        | Received a gift from Trog
   658 | D        | Reached skill level 18 in Polearms
   698 | D        | Found Kusmenipt's Distillery.
   698 | D        | Noticed an orc high priest
   700 | D        | Noticed an orc high priest
   704 | D        | Killed an orc high priest
   709 | D        | Received a gift from Trog
   712 | D        | Killed an orc high priest
   712 | D        | Reached skill level 1 in Evocations
   713 | D        | Found Geuf's Gadget Shoppe.
   718 | D        | Found Zuxein's Distillery.
   720 | D        | Noticed an orc high priest
   722 | D        | Found Linu Saq's Gadget Shoppe.
   723 | D        | Noticed an orc high priest
   727 | D        | Killed an orc high priest
   731 | D        | Killed an orc high priest
   743 | D        | Bought a lamp of fire for 440 gold pieces
   743 | D        | Bought a wand of enslavement (14) for 176 gold pieces
   743 | D        | Bought a box of beasts for 220 gold pieces
   745 | D        | Bought 2 potions of invisibility for 176 gold pieces
   745 | D        | Bought a potion of haste for 110 gold pieces
   745 | D        | Bought a potion of haste for 110 gold pieces
   749 | D        | Bought a phantom mirror for 360 gold pieces
   754 | D        | Bought a potion of haste for 110 gold pieces
   754 | D        | Bought a potion of curing for 33 gold pieces
   754 | D        | Bought a potion of invisibility for 88 gold pieces
   754 | D        | Bought a potion of haste for 110 gold pieces
   799 | D        | Noticed Erolcha
   807 | D        | Killed Erolcha
   807 | D        | Reached XP level 12. HP: 18/88 MP: 13/13
   808 | D        | Noticed Psyche
   811 | D        | Killed Psyche
   811 | D        | Received a gift from Trog
   812 | D        | Got a faintly glowing rapier {god gift}
   814 | D        | Identified the +13 rapier of Liumudusk {vamp, rPois MP-9 Str+4} (Trog gifted it to you in the Dungeon)
   831 | D        | Noticed Erica
   838 | D        | Killed Erica
   838 | D        | Reached skill level 19 in Polearms
   888 | D        | Got the +10 hand crossbow of Malaise {elec, Dex+2}
   927 | D        | Noticed an ice dragon
   933 | D        | Noticed a great orb of eyes
   936 | D        | Noticed a deep troll earth mage
   940 | D        | Noticed a vampire knight
   943 | D        | Killed a deep troll earth mage
   945 | D        | Killed an ice dragon
   947 | D        | Killed a great orb of eyes
   947 | D        | Reached skill level 20 in Polearms
   953 | D        | Killed a vampire knight
   958 | D        | Noticed a stone giant
   973 | D        | Killed a stone giant
   973 | D        | Received a gift from Trog
   973 | D        | Reached skill level 5 in Evocations
   977 | D        | Noticed a red very ugly thing
   978 | D        | Noticed an ettin
   982 | D        | Killed a red very ugly thing
   984 | D        | Killed an ettin
  1022 | D        | Noticed Snorg
  1032 | D        | Killed Snorg
  1037 | D        | Noticed Aizul
  1040 | D        | Noticed Harold
  1046 | D        | Killed Aizul
  1048 | D        | Noticed Kirke
  1051 | D        | Noticed Nessos
  1053 | D        | Killed Harold
  1053 | D        | Reached skill level 21 in Polearms
  1055 | D        | Killed Kirke
  1055 | D        | Received a gift from Trog
  1055 | D        | Reached XP level 13. HP: 90/95 MP: 17/17
  1056 | D        | Killed Nessos
  1088 | D        | Noticed Saint Roka
  1102 | D        | Killed Saint Roka
  1102 | D        | Reached skill level 22 in Polearms
  1139 | D        | Received a gift from Trog
  1174 | D        | Reached skill level 1 in Crossbows
  1175 | D        | Received a gift from Trog
  1176 | D        | Received a gift from Trog
  1211 | D        | Received a gift from Trog
  1226 | D        | Received a gift from Trog
  1226 | D        | Reached skill level 5 in Crossbows
  1227 | D        | Got a shimmering trident {god gift}
  1228 | D        | Identified the +4 trident "Hoejahubb" {venom, rElec Str+2} (Trog gifted it to you in the Dungeon)
  1245 | D        | Noticed a merfolk impaler
  1246 | D        | Noticed a merfolk javelineer
  1247 | D        | Reached skill level 23 in Polearms
  1247 | D        | Reached skill level 10 in Armour
  1248 | D        | Received a gift from Trog
  1248 | D        | Gained mutation: Your large and strong wings let you fly indefinitely. [Gargoyle growth]
  1248 | D        | Reached XP level 14. HP: 103/103 MP: 20/20
  1265 | D        | Received a gift from Trog
  1381 | D        | Noticed a stone giant
  1382 | D        | Noticed a fire giant
  1389 | D        | Killed a stone giant
  1389 | D        | Reached skill level 10 in Evocations
  1391 | D        | Received a gift from Trog
  1394 | D        | Reached skill level 10 in Crossbows
  1396 | D        | Killed a fire giant
  1399 | D        | Noticed a frost giant
  1407 | D        | Killed a frost giant
  1417 | D        | Received a gift from Trog
  1429 | D        | Noticed a vampire knight
  1433 | D        | Killed a vampire knight
  1468 | D        | Noticed a stone giant
  1472 | D        | Killed a stone giant
  1474 | D        | Noticed a fire giant
  1478 | D        | Killed from afar by a fire giant

Vault maps used:
D:        linesprint

Skill      XL: |  1  2  3  4  5  6  7  8  9 10 11 12 13 14 |
---------------+-------------------------------------------+-----
Polearms       | 3 6 8 9 10 12 14 16 18 21 23 | 23.6
Fighting       | 4 6 7 9 10 11 12 13 15 16 17 18 | 18.3
Armour         | 3 4 5 6 8 10 11 | 11.0
Dodging        | 2 3 4 6 7 8 9 |  9.8
Stealth        | 2 4 5 6 7 |  7.0
Evocations     | 2 6 9 12 | 12.0
Crossbows      | 6 10 | 10.0

Action                   |  1- 3 |  4- 6 |  7- 9 | 10-12 | 13-15 || total
-------------------------+-------+-------+-------+-------+-------++-------
Melee: Spear             |    24 |    10 |       |       |       ||    34
       Halberd           |       |    19 |    21 |       |       ||    40
       Glaive            |       |       |    42 |    36 |       ||    78
       Bardiche          |       |       |       |   126 |    10 ||   136
 Fire: Hand crossbow     |       |       |       |       |    81 ||    81
Invok: Berserk           |     1 |     1 |       |     1 |     1 ||     4
       Trog's Hand       |       |     1 |     3 |    10 |     3 ||    17
       Brothers in Arms  |       |       |     2 |     7 |     3 ||    12
 Abil: Evoke Blink       |       |       |       |     2 |       ||     2
Evoke: Wand              |       |     1 |       |       |     1 ||     2
       Lamp of fire      |       |       |       |     2 |    11 ||    13
  Use: Potion            |       |       |       |     1 |       ||     1
       Scroll            |       |       |       |     1 |       ||     1
 Stab: Distracted        |       |       |     1 |     2 |       ||     3
       Sleeping          |       |       |       |     2 |       ||     2
  Eat: Chunk             |       |       |     2 |     7 |     2 ||    11
       Ration            |       |       |       |     1 |     1 ||     2
Armor: Animal skin       |     8 |     2 |    34 |    14 |       ||    58
       Plate armour      |       |       |       |    22 |    37 ||    59
Dodge: Dodged            |     5 |     7 |    50 |    51 |    20 ||   133

Table legend:
 A = Spawn XP
 B = Non-spawn XP
 C = Spawn XP percentage of total XP
 D = Spawn monster count
 E = Non-spawn monster count
 F = Spawn count percentage of total count
 G = Total turns spent on level
                    A         B        C        D         E        F      G
               +---------+---------+-------+---------+---------+-------+---------
         Total |       0 |   71443 |   0.0 |       0 |     169 |   0.0 |  1478
               +---------+---------+-------+---------+---------+-------+---------
             D |       0 |   71443 |   0.0 |       0 |     169 |   0.0 |  1478
               +---------+---------+-------+---------+---------+-------+---------
